Map: Ley Lines

Players

Maplez

  • Race: Protoss Protoss
  • League: Grandmaster
  • Spawn Location: 1:00

Cheater 1 (Insane) - Winner!

  • Race: Terran Terran
  • Spawn Location: 7:00

VOD

Have the link to the VOD?

Description

Time

  • Played on: July 8, 2025, 12:16 p.m.
  • Length: 7:24
Show
View Real Time Build Order
Export as new Build Order

Maplez Protoss 

Build Orders: 1 Gate Expand, Blink Stalkers 

Get SALT Encoding   

  12  0:00  Probe  
  13  0:12  Probe  
  14  0:17  Pylon  
  14  0:23  Probe  
  15  0:31  Probe  
  16  0:36  Gateway  
  16  0:39  Probe  
  16  0:45  Assimilator  
  17  0:51  Probe  
  18  1:03  Probe  
  19  1:15  Probe  
  20  1:25  Cybernetics Core  
  20  1:33  Nexus  
  20  1:34  Probe  
  21  1:41  Pylon  
  21  1:46  Probe  
  22  1:51  Assimilator, Adept  
  22  1:58  Probe  
  23  2:01  Warp Gate  
  25  2:10  Probe  
  25  2:11  Adept  
  26  2:22  Probe  
  29  2:30  Twilight Council  
  29  2:34  Probe  
  30  2:37  Blink  
  30  2:41  Probe, Stalker  
  30  2:46  Probe  
  30  2:49  Probe  
  35  2:58  Probe  
  35  2:59  Gateway, Probe  
  37  3:10  Probe  
  37  3:11  Probe  
  39  3:23  Robotics Facility, Probe x2  
  41  3:29  Gateway  
  41  3:33  Pylon  
  41  3:35  Probe x2  
  43  3:47  Probe x2  
  45  3:53  Stalker x2  
  49  3:57  Pylon  
  49  3:59  Probe  
  49  4:00  Probe  
  49  4:02  Assimilator  
  51  4:07  Pylon  
  51  4:10  Observer  
  51  4:11  Probe  
  51  4:12  Probe  
  54  4:19  Stalker  
  54  4:20  Stalker  
  58  4:29  Nexus  
  58  4:31  Observer  
  59  4:34  Stalker  
  59  4:37  Probe  
  63  4:41  Forge  
  63  4:43  Probe  
  63  4:46  Protoss Ground Weapons Level 1  
  63  4:49  Pylon, Probe  
  63  4:52  Stalker  
  66  4:53  Charge  
  66  4:54  Stalker  
  66  4:56  Probe  
  69  5:01  Probe  
  70  5:08  Probe  
  70  5:13  Probe  
  72  5:20  Probe  
  73  5:21  Gateway  
  73  5:22  Gateway  
  73  5:25  Probe  
  73  5:26  Gateway  
  74  5:31  Gateway  
  74  5:32  Probe  
  75  5:37  Probe  
  75  5:38  Observer, Probe  
  75  5:39  Gateway  
  77  5:45  Probe  
  77  5:46  Probe  
  77  5:47  Robotics Bay  
  77  5:49  Probe  
  79  5:51  Pylon  
  81  6:00  Pylon  
  81  6:04  Warp Prism  
  83  6:07  Sentry  
  83  6:11  Probe x2  
  86  6:12  Assimilator  
  86  6:13  Zealot x2, Probe  
  86  6:17  Pylon  
  91  6:23  Probe  
  92  6:28  Zealot x4  
  92  6:30  Pylon  
  100  6:45  Zealot x2  
  100  6:46  Zealot x2  
  114  6:53  Probe  
  115  6:55  Zealot x3  
  115  6:56  Zealot  
  123  7:05  Probe  
  123  7:07  Probe  
  125  7:10  Pylon x2  
  125  7:12  Nexus  
  125  7:21  Pylon  
Show
View Real Time Build Order
Export as new Build Order

Cheater 1 (Insane) Terran - Winner!

Build Orders: 2 Factory, Mech 

Get SALT Encoding   

  12  0:00  SCV  
  13  0:13  SCV  
  14  0:18  Supply Depot  
  14  0:25  SCV  
  15  0:40  SCV  
  16  0:46  Barracks  
  16  0:52  SCV  
  17  1:04  SCV  
  18  1:07  Supply Depot  
  18  1:12  Refinery  
  18  1:16  SCV  
  19  1:28  SCV  
  19  1:32  Marine  
  21  1:40  SCV  
  22  1:49  Refinery  
  22  1:50  Marine  
  22  1:52  SCV  
  24  1:56  Barracks  
  24  2:04  SCV  
  24  2:08  Marine  
  25  2:10  Factory  
  26  2:16  SCV  
  27  2:23  Supply Depot  
  27  2:26  Marine  
  27  2:28  SCV, Factory  
  29  2:40  SCV  
  29  2:42  Marine  
  31  2:44  Marine  
  31  2:48  Barracks  
  32  2:53  SCV  
  32  2:55  Factory Tech Lab  
  33  3:00  Marine  
  33  3:05  SCV  
  35  3:10  Supply Depot  
  35  3:11  Factory Tech Lab  
  35  3:17  SCV  
  36  3:29  SCV  
  36  3:31  Siege Tank x2  
  36  3:33  Supply Depot  
  44  3:41  SCV  
  44  3:43  Supply Depot  
  44  3:53  SCV  
  44  3:55  Marine  
  46  4:01  Supply Depot  
  46  4:03  Siege Tank  
  46  4:05  SCV, Armory, Siege Tank  
  46  4:06  Marine  
  54  4:17  SCV  
  55  4:24  Supply Depot  
  55  4:25  Marine  
  55  4:29  SCV  
  57  4:35  Siege Tank  
  57  4:37  Armory, Siege Tank  
  63  4:41  SCV  
  64  4:46  Supply Depot  
  64  4:51  Marine  
  65  4:54  SCV  
  65  4:57  Supply Depot  
  66  5:06  SCV  
  67  5:08  Siege Tank  
  67  5:09  Hellion, Barracks Tech Lab  
  67  5:10  Terran Vehicle Weapons Level 1  
  72  5:18  SCV, Command Center  
  73  5:22  Supply Depot  
  73  5:24  Terran Vehicle And Ship Armor Level 1  
  73  5:25  Infernal Pre-Igniter  
  73  5:27  Marauder  
  75  5:30  SCV  
  75  5:31  Hellion  
  78  5:40  Hellion  
  78  5:42  SCV  
  81  5:49  Engineering Bay, Marauder  
  83  5:52  Hellion  
  83  5:54  SCV  
  83  5:56  Engineering Bay  
  86  5:58  Supply Depot  
  86  6:04  Hellion  
  88  6:06  SCV  
  88  6:10  Marauder  
  91  6:14  Hellion  
  93  6:22  Supply Depot  
  93  6:29  Thor  
  93  6:30  SCV  
  93  6:31  Missile Turret, Marauder  
  102  6:40  Refinery  
  102  6:41  Refinery  
  100  6:50  Orbital Command, Factory  
  100  6:52  Command Center  
  100  6:53  Marauder  
  102  7:03  SCV  
  102  7:05  Missile Turret  
Tags
 
Add a new tag
Caveats
  • Supply blocks, unpowered buildings, or Contaminate may cause inaccurate times.
  • Supply counts are checked every 10 seconds.